 Dungeon Crawl Stone Soup version 0.21.1-1-g345015fe64 (webtiles) character file.

5224 Peloso the Carver (level 10, -1/91 HPs)
             Began as a Deep Dwarf Fighter on Apr 18, 2018.
             Was an Elder of Trog.
             Slain by an orc warrior
             ... wielding a +0 halberd
              (13 damage)
             ... on level 8 of the Dungeon.
             The game lasted 00:29:23 (8639 turns).

Peloso the Carver (Deep Dwarf Fighter)              Turns: 8639, Time: 00:29:24

Health: -1/91      AC: 16    Str: 22    XL:     10   Next: 35%
Magic:  7/7        EV:  7    Int: 10    God:    Trog [****..]
Gold:   506        SH: 12    Dex: 16    Spells: 9/9 levels left

rFire    . . .     SeeInvis .   a - +1 long sword
rCold    . . .     Gourm    .   c - +0 shield
rNeg     + . .     Faith    .   b - +0 plate armour
rPois    .         Spirit   .   (no helmet)
rElec    .         Reflect  .   k - +0 cloak
rCorr    +         Harm     .   (no gloves)
MR       ++...                  v - +0 pair of boots
Stlth    ..........             (no amulet)
HPRegen  0.00/turn              A - ring of protection from magic
MPRegen  0.10/turn              u - ring of the Cuttlefish {rCorr *Drain rN+ Dex+4}

@: lethally poisoned (-1 -> -1), about to teleport, berserk cooldown,
non-regenerating, slowed, very slow
A: damage resistance, heal wounds, sense surroundings 2, no regeneration
a: Heal Wounds, Berserk, Trog's Hand, Brothers in Arms, Burn Spellbooks,
Renounce Religion


You were on level 8 of the Dungeon.
You worshipped Trog.
Trog was greatly pleased with you.
You were very hungry.

You visited 1 branch of the dungeon, and saw 8 of its levels.

You collected 506 gold pieces.

Inventory:

Hand Weapons
 a - a +1 long sword (weapon)
 m - a cursed -1 hand crossbow
 p - a +0 whip of flaming
Armour
 b - a +0 plate armour (worn)
 c - a +0 shield (worn)
 k - a +0 cloak (worn)
 v - a +0 pair of boots (worn)
Jewellery
 e - an uncursed ring of positive energy
 s - an uncursed ring of protection from fire
 u - the ring of the Cuttlefish (right hand) {rCorr *Drain rN+ Dex+4}
   (You found it on level 6 of the Dungeon)

   [ring of resist corrosion]

   It affects your dexterity (+4).
   It protects you from negative energy.
   It causes draining when unequipped.
 x - a +2 ring of intelligence
 A - a ring of protection from magic (left hand)
Wands
 t - a wand of enslavement (10)
 z - a wand of polymorph (15)
Scrolls
 g - 3 scrolls of enchant weapon
 h - 2 scrolls of teleportation
 o - a scroll of magic mapping
 r - 4 scrolls of remove curse
 w - a scroll of enchant armour {unknown}
 y - a scroll of fear {unknown}
Potions
 d - a potion of might
 i - a potion of cancellation
 j - 2 potions of agility
 l - a potion of flight
 n - 3 potions of curing
 q - 2 potions of magic
 B - 2 potions of brilliance
 C - 2 potions of mutation
Comestibles
 f - 7 rations
 D - a chunk of flesh


   Skills:
 + Level 5.7 Fighting
 + Level 9.8 Long Blades
 + Level 8.1 Armour
 + Level 3.4 Dodging
 + Level 1.8 Stealth
 + Level 8.7 Shields
 + Level 1.5 Evocations


You had 9 spell levels left.
You didn't know any spells.

Dungeon Overview and Level Annotations

Branches:
Dungeon (8/15)             Temple (0/1) D:5
   Lair: D:8-11

Altars:
Ashenzari
Cheibriados
Dithmenos
Fedhas
Nemelex Xobeh
Okawaru
Qazlal
Sif Muna
Trog
Uskayaw
Vehumet
Xom
The Shining One


Innate Abilities, Weirdness & Mutations

You are resistant to damage.
You can heal yourself by infusing magical energy.
You passively map the area around you.
You do not regenerate.


Message History

You kill the worker ant!
Trog accepts your kill. You block the worker ant's attack.
Unknown command.
As you read the scroll of teleportation, it crumbles to dust.
You feel strangely unstable. The worker ant bites you.
You slash the two-headed ogre!
The two-headed ogre is moderately wounded.
You block the worker ant's attack. The worker ant barely misses you.
You riposte.
Your shield and plate armour prevent you from hitting the worker ant.
The two-headed ogre closely misses you.
The two-headed ogre completely misses you.
You slash the two-headed ogre!
The two-headed ogre is moderately wounded.
The worker ant bites you.
You are poisoned.
The worker ant poisons you!
The orc warrior hits you from afar with a halberd!
You die...

, , , ,,* ###...## , ,
###..# * * ######).###
,, , #.....)...#, * ,,,.
. * #.....<...#.##
,......####.............
....#a.a.))........##..
,
...oWo####)).......#*,.
, , . #ZO@a.)...[....# *
, , ,
,######............ *
,,,,,, #.........##. , ,
, #.....$...# *. * , ,,
, #.........# * ,, ,*
########### * * * *


You could see a two-headed ogre, a phantom, an orc warrior, a worker ant, an orc
and a centaur zombie.

Vanquished Creatures
  The ghost of asdpro the Cleaver, a novice FoFi of Okawaru (D:6)
  Pikel (D:6)
  Grinder (D:4)
  A hornet (D:7)
  A hippogriff (D:8)
  A hungry ghost (D:8)
  The ghost of Thargor the Shield-Bearer, an amateur FoFi of Makhleb (D:5)
  Eustachio (D:6)
  Edmund (D:6)
  3 slaves (D:6)
  4 orc warriors
  A sky beast (D:4)
  A necrophage (D:5)
  2 phantoms
  2 ice beasts
  An ogre (D:5)
  A centaur (D:5)
  Blork the orc (D:4)
  5 big kobolds
  3 electric eels (D:6)
  5 crimson imps
  3 hounds
  4 orc priests
  2 jellies
  2 centaur skeletons (D:5)
  Ijyb (D:4)
  A gnoll shaman (D:7)
  Terence (D:2)
  10 orc wizards
  11 worker ants
  A hound skeleton (D:6)
  A worker ant zombie (D:6)
  Robin (D:3)
  11 gnolls
  6 adders
  An adder zombie (D:6)
  2 adder skeletons
  2 worms (D:2)
  4 dart slugs
  3 leopard geckos
  41 orcs
  A ball python (D:3)
  4 bats
  5 giant cockroaches
  21 goblins
  13 hobgoblins
  6 jackals
  A quokka (D:5)
  8 frilled lizards
  50 kobolds
  2 leopard gecko skeletons
  5 rats
262 creatures vanquished.

Vanquished Creatures (others)
  A kobold (D:6)
1 creature vanquished.

Grand Total: 263 creatures vanquished

Notes
Turn   | Place    | Note
-------+----------+-------------------------------------------
     0 | D:1      | Peloso the Deep Dwarf Fighter began the quest for the Orb.
     0 | D:1      | Reached XP level 1. HP: 20/20 MP: 1/1
   127 | D:1      | Reached XP level 2. HP: 18/27 MP: 2/2
   754 | D:2      | Reached XP level 3. HP: 16/33 MP: 3/3
   808 | D:2      | Noticed Terence
   835 | D:2      | Killed Terence
   835 | D:2      | Reached skill level 1 in Dodging
   906 | D:2      | Reached XP level 4. HP: 19/40 MP: 4/4
   987 | D:2      | Reached skill level 3 in Long Blades
  1174 | D:2      | Reached skill level 1 in Stealth
  1532 | D:3      | Noticed Robin
  1560 | D:3      | Killed Robin
  1560 | D:3      | Reached XP level 5. HP: 31/48 MP: 5/5
  1595 | D:3      | Found a deep blue altar of Sif Muna.
  1621 | D:3      | Found a shimmering altar of Xom.
  1873 | D:3      | Found a snail-covered altar of Cheibriados.
  1944 | D:3      | Paralysed by a crimson imp for 5 turns
  1982 | D:3      | Reached XP level 6. HP: 11/56 MP: 6/6
  2001 | D:3      | Found a bloodstained altar of Trog.
  2340 | D:3      | Reached skill level 5 in Shields
  2409 | D:3      | Became a worshipper of Trog the Wrathful
  2652 | D:4      | Reached skill level 4 in Long Blades
  2887 | D:4      | Found a stormy altar of Qazlal.
  2900 | D:4      | Noticed Blork the orc
  2904 | D:4      | Noticed Ijyb
  2906 | D:4      | Killed Blork the orc
  2918 | D:4      | Killed Ijyb
  2918 | D:4      | Reached XP level 7. HP: 7/63 MP: 7/7
  2921 | D:4      | Reached skill level 5 in Armour
  3094 | D:4      | Found a hide-covered altar of Uskayaw.
  3197 | D:4      | Noticed Grinder
  3215 | D:4      | Paralysed by Grinder for 4 turns
  3221 | D:4      | Killed Grinder
  3221 | D:4      | Reached skill level 5 in Long Blades
  3437 | D:4      | Reached XP level 8. HP: 10/72 MP: 7/7
  3797 | D:4      | Found a radiant altar of Vehumet.
  3797 | D:4      | Found a shadowy altar of Dithmenos.
  3867 | D:5      | Entered Level 5 of the Dungeon
  3902 | D:5      | Reached * piety under Trog
  3966 | D:5      | Noticed Thargor's ghost (amateur FoFi)
  4252 | D:6      | Got a transparent brass ring
  4253 | D:6      | Identified the ring of the Cuttlefish {rCorr *Drain rN+ Dex+4} (You found it on level 6 of the Dungeon)
  4261 | D:6      | Reached skill level 6 in Long Blades
  4411 | D:6      | Noticed asdpro's ghost (novice FoFi)
  4420 | D:6      | Noticed Eustachio
  4454 | D:6      | Killed asdpro's ghost
  4454 | D:6      | Reached skill level 7 in Long Blades
  4454 | D:6      | Reached skill level 1 in Evocations
  4482 | D:6      | Killed Eustachio
  4482 | D:6      | Gained mutation: You passively map the area around you. [Deep Dwarf growth]
  4482 | D:6      | Reached XP level 9. HP: 39/79 MP: 7/7
  4669 | D:5      | Found a sparkling altar of Nemelex Xobeh.
  4678 | D:5      | Found a staircase to the Ecumenical Temple.
  4987 | D:5      | Reached ** piety under Trog
  5209 | D:5      | Killed Thargor's ghost
  5209 | D:5      | Reached skill level 8 in Long Blades
  5762 | D:6      | Noticed Edmund
  5771 | D:6      | Killed Edmund
  5974 | D:6      | Noticed Pikel
  6033 | D:6      | Killed Pikel
  6033 | D:6      | Reached skill level 5 in Fighting
  6188 | D:6      | Reached skill level 9 in Long Blades
  6387 | D:6      | Reached *** piety under Trog
  6888 | D:6      | Found a glowing golden altar of the Shining One.
  7646 | D:7      | Found an iron altar of Okawaru.
  7701 | D:7      | Paralysed by a hornet for 1 turns
  7703 | D:7      | Reached XP level 10. HP: 22/88 MP: 9/9
  7868 | D:7      | Found a blossoming altar of Fedhas.
  8238 | D:8      | Reached **** piety under Trog
  8564 | D:8      | Found a shattered altar of Ashenzari.
  8633 | D:8      | Noticed a two-headed ogre
  8639 | D:8      | Slain by an orc warrior

Skill      XL: |  1  2  3  4  5  6  7  8  9 10 |
---------------+-------------------------------+-----
Shields        | 4 5 7 8 |  8.7
Dodging        | 1 2 3 |  3.4
Long Blades    | 3 4 5 7 9 |  9.8
Stealth        | 1 |  1.8
Fighting       | 3 4 5 |  5.7
Armour         | 4 6 7 8 |  8.1
Evocations     | 1 |  1.5

Action                   |  1- 3 |  4- 6 |  7- 9 | 10-12 || total
-------------------------+-------+-------+-------+-------++-------
Melee: Long sword        |   109 |   230 |   604 |   171 ||  1114
       Unarmed           |     2 |       |       |       ||     2
Invok: Berserk           |       |       |     7 |     6 ||    13
 Abil: Heal Wounds       |       |     3 |     7 |     3 ||    13
Evoke: Wand              |       |       |     9 |       ||     9
  Use: Scroll            |       |     8 |     1 |     3 ||    12
       Potion            |       |     4 |     1 |       ||     5
  Eat: Chunk             |       |     7 |    20 |    10 ||    37
       Ration            |       |       |     1 |       ||     1
Armor: Scale mail        |    55 |   108 |       |       ||   163
       Skin              |    19 |       |       |       ||    19
       Plate armour      |       |    14 |   312 |    70 ||   396
Dodge: Dodged            |    28 |    78 |   140 |    42 ||   288
Block: Shield            |    72 |   129 |   365 |   106 ||   672
       Rpst.: Long sword |    10 |    21 |    39 |     9 ||    79
